 Dungeon Crawl Stone Soup version 0.31-a0-672-g7da72447bb (webtiles) character file.

Game seed: 8618292095382625850

25118 alprk the Thaumaturge (level 12, -10/83 HPs)
             Began as a Demonspawn Earth Elementalist on Sept 4, 2023.
             Was a High Priest of Dithmenos.
             Mangled by a death yak (12 damage)
             ... on level 3 of the Lair of Beasts.
             The game lasted 01:03:03 (13924 turns).

alprk the Thaumaturge (DsEE)                       Turns: 13924, Time: 01:03:03

Health: -10/83     AC:  9    Str: 10    XL:     12   Next: 86%
Magic:  0/36       EV: 14    Int: 20    God:    Dithmenos [*****.]
Gold:   350        SH:  5    Dex: 14    Spells: 20/33 levels left

rFire   . . .        f - +8 quick blade "Hugeis" {heavy, Will+ SInv}
rCold   . . .        (no shield)
rNeg    . . .        a - +1 robe
rPois   .            (helmet restricted)
rElec   .            (no cloak)
rCorr   .            (no gloves)
SInv    +            o - +2 pair of boots
Will    +....        d - amulet of reflection
Stlth   +++++        q - ring of magical power
HPRegen 0.33/turn    H - ring of wizardry
MPRegen 0.50/turn

%: reflection, guardian spirit, wizardry (x1)
@: mighty, hasted, wreathed by umbra, very quick
A: antennae 2, slimy green scales 2, magic shield, magic regeneration
a: Renounce Religion, Shadow Step, Shadow Form


You were on level 3 of the Lair of Beasts.
You worshipped Dithmenos.
Dithmenos was extremely pleased with you.
You visited 2 branches of the dungeon, and saw 13 of its levels.

You collected 930 gold pieces.
You spent 580 gold pieces at shops.

Inventory:

Hand Weapons
 b - a +3 dagger of distortion
 c - a +0 dagger of venom
 f - the +8 quick blade "Hugeis" (weapon) {heavy, Will+ SInv}
   (You acquired it on level 2 of the Dungeon)

   Will+:     It increases your willpower.
   SInv:      It lets you see invisible.
 g - a +5 heavy flail
 k - a +0 dagger of freezing
 n - a +2 short sword of electrocution
 x - a +1 whip of electrocution
 D - a +2 short sword of draining
 K - a +3 great sword of freezing
Missiles
 w - 2 throwing nets
 N - 5 silver javelins
Armour
 a - a +1 robe (worn)
 o - a +2 pair of boots (worn)
Jewellery
 d - an amulet of reflection (around neck)
 q - a ring of magical power (left hand)
 E - an amulet of faith
 H - a ring of wizardry (right hand)
Talismans
 m - a beast talisman
 y - a beast talisman
 G - a maw talisman
Wands
 i - a wand of digging (16)
 p - a wand of paralysis (31)
Scrolls
 r - 4 scrolls of immolation
 s - 3 scrolls of revelation
 u - a scroll of amnesia
 C - a scroll of teleportation
 F - 3 scrolls of vulnerability
 L - a scroll of fear
 P - a scroll of identify
Potions
 e - 3 potions of brilliance
 h - 5 potions of curing
 j - a potion of heal wounds
 l - 2 potions of degeneration
 t - a potion of ambrosia {unknown}
 z - 5 potions of lignification
 A - 4 potions of attraction
 B - 3 potions of mutation
 J - a potion of resistance
 M - a potion of enlightenment
 O - a potion of berserk rage {unknown}


   Skills:
 + Level 4.2 Fighting
 + Level 4.8(5.0) Short Blades
 + Level 1.6(3.5) Long Blades
 + Level 5.6 Dodging
 + Level 6.2 Stealth
 + Level 2.9 Shields
 + Level 11.2 Spellcasting
 + Level 6.9 Conjurations
 + Level 3.4 Transmutations
 + Level 10.6 Earth Magic
 + Level 4.5 Poison Magic


You had 20 spell levels left.
You knew the following spells:

 Your Spells              Type           Power      Damage    Failure   Level
a - Sandblast             Erth           100%       2d20      1%          1
b - Sting                 Tmut/Pois      100%       1d8       1%          1
c - Stone Arrow           Conj/Erth      92%        3d12      1%          3
d - Petrify               Tmut/Erth      39%        N/A       1%          4
e - Olgreb's Toxic Radia  Pois           29%        N/A       4%          4

Your spell library contained the following spells:

 Spells                   Type           Power      Damage    Failure   Level
 Passwall                 Tmut/Erth      32%        N/A       1%          2
 Poisonous Vapours        Pois/Air       40%        N/A       1%          2
 Dazzling Flash           Conj/Hex       50%        N/A       1%          3
 Summon Small Mammal      Summ           44%        N/A       2%          1
 Call Canine Familiar     Summ           11%        N/A       8%          3
 Summon Guardian Golem    Hex/Summ       11%        N/A       8%          3
 Agony                    Necr           11%        N/A       52%         5
 Silence                  Hex/Air        5%         N/A       52%         5


Dungeon Overview and Level Annotations

Branches:
Dungeon (10/15)            Temple (0/1) D:6            Lair (3/5) D:10
    Orc (0/2) D:9
  Swamp: Lair:2-3    Shoals: Lair:2-3     Snake: Lair:2-3    Spider: Lair:2-3

Altars:
Dithmenos
Fedhas
Uskayaw
Vehumet
Yredelemnul
Lugonu

Shops:
D:1 *   D:4 :   D:8 !==

Portals:
Abyss: Lair:1

Annotations:
Lair:2 2 transporters, zero's ghost, journeyman MeEE


Innate Abilities, Weirdness & Mutations

You have a pair of antennae on your head.
You are mostly covered in slimy green scales. (AC +3)
When hurt, damage is shared between your health and your magic reserves.
You regenerate magic rapidly.


Message History

The death yak gores you!! The death yak gores you.
The death yak barely misses you.
The stone arrow hits the death yak!!
You kill the death yak!
Dithmenos accepts your kill. The death yak gores you!! The death yak gores you!
You hit the death yak. You hit the death yak but do no damage.
The death yak is lightly wounded.
The death yak gores you!
* * * LOW HITPOINT WARNING * * *
The death yak closely misses you. The death yak gores you!
* * * LOW HITPOINT WARNING * * *
The death yak gores you but does no damage.
Casting: Stone Arrow (safe; 1% risk of failure)
Confirm with . or Enter, or press ? or * to list all spells.
Okay, then.
You feel much better. The death yak misses you.
The death yak gores you but does no damage.
You feel yourself speed up. The death yak gores you!
* * * LOW HITPOINT WARNING * * *
The death yak completely misses you.
You hit the death yak. x2
The death yak is lightly wounded.
Your shadow hits the death yak with a quick blade.
Your shadow hits the death yak but does no damage.
The death yak misses you. The death yak completely misses you.
You hit the death yak but do no damage. You puncture the death yak!
The death yak is lightly wounded.
You puncture the death yak! x2
The death yak is heavily wounded.
You block the death yak's attack. The death yak gores you!!
* * * LOW HITPOINT WARNING * * *
You puncture the death yak! You barely miss the death yak.
The death yak is heavily wounded.
The death yak gores you.
* * * LOW HITPOINT WARNING * * *
The death yak barely misses you.
You feel very mighty all of a sudden. The death yak gores you!
You die...

####.....##.##.###..###PP.
...[...P.##...#............
...P###..#..##......##.#.. #..
###.####..##...####..
##..###..........#......#..
#.<.#..##...[.#.#..........
..##..........................
..............YY................
................@...............>
...........#.#.#.......#.........
..........######..#.####.........
.........{ #...### #.........
.......... ##..# ##.........
........Y. #...#####..........
.......!.. ##...##.##.........
.......Y.. #............##...
....# #.........####....


You could see 2 death yaks.

Vanquished Creatures
  An ogre mage (D:10)
  A hydra (Lair:2)
  A two-headed ogre (D:10)
  2 catoblepae (Lair:3)
  A death yak (Lair:3)
  A sun demon (D:9)
  A skeletal warrior (D:10)
  Pikel (D:7)
  2 manticores (Lair:3)
  An elephant (Lair:2)
  10 cane toads
  Psyche (D:10)
  5 komodo dragons
  A rime drake (D:10)
  A polar bear (Lair:2)
  14 blink frogs
  A jumping spider (Lair:3)
  2 wyverns (Lair:3)
  A spriggan (Lair:2)
  A ynoxinul (D:9)
  16 yaks
  A basilisk (Lair:2)
  A chaos spawn (D:9)
  5 redbacks (Lair:3)
  Menkaure (D:5)
  11 water moccasins
  2 orc warriors
  2 sky beasts
  5 ice beasts
  19 wolves
  3 centaurs
  3 phantoms
  2 kobold brigands
  Blork the orc (D:5)
  8 bullfrogs
  4 scorpions
  2 gnoll sergeants (D:8)
  9 wights (D:8)
  11 killer bees
  2 howler monkeys
  4 quasits (D:9)
  3 centaur zombies (D:8)
  4 jellies
  2 gnoll boudas (D:7)
  3 orc priests
  7 hounds
  2 iguanas
  5 orc wizards
  7 hell rats (Lair:3)
  A killer bee zombie (D:8)
  3 howler monkey zombies (D:8)
  17 gnolls
  8 adders
  2 shadow imps
  2 white imps
  An ufetubus (D:5)
  A worm (D:4)
  30 orcs
  9 endoplasms
  2 giant cockroaches
  3 goblins
  4 hobgoblins
  4 jackals (D:1)
  13 kobolds
  3 quokkas
  6 ball pythons
  5 bats
  6 frilled lizards
  6 rats
  A lurking horror (Lair:1)
321 creatures vanquished.

Vanquished Creatures (others)
  A lurking horror (Lair:1)
1 creature vanquished.

Grand Total: 322 creatures vanquished

Notes
Turn   | Place    | Note
-------+----------+-------------------------------------------
     0 | D:1      | alprk the Demonspawn Earth Elementalist began the quest for
                  | the Orb.
     0 | D:1      | Reached XP level 1. HP: 13/13 MP: 3/3
   227 | D:1      | Found Nutwuso's General Store.
   467 | D:1      | Gained mutation: You have a pair of small antennae on your
                  | head. [demonic ancestry]
   467 | D:1      | Reached XP level 2. HP: 19/19 MP: 3/5
  1008 | D:2      | Gained mutation: You are partially covered in slimy green
                  | scales. (AC +2) [demonic ancestry]
  1008 | D:2      | Reached XP level 3. HP: 13/24 MP: 1/6
  1249 | D:2      | Identified a scroll of acquirement
  1249 | D:2      | Acquired the +8 quick blade "Hugeis" {heavy, Will+ SInv}
  1740 | D:3      | Gained mutation: You regenerate magic rapidly. [demonic
                  | ancestry]
  1740 | D:3      | Reached XP level 4. HP: 30/30 MP: 7/7
  1844 | D:3      | Found a faded altar of an unknown god.
  2372 | D:4      | Noticed a phantom
  2574 | D:4      | Killed a phantom
  2575 | D:4      | Reached XP level 5. HP: 9/35 MP: 5/9
  2582 | D:4      | Reached skill level 1 in Short Blades
  2582 | D:4      | Reached skill level 3 in Spellcasting
  2714 | D:4      | Found a shadowy altar of Dithmenos.
  2723 | D:4      | Became a worshipper of Dithmenos the Shadowed
  2780 | D:4      | Found Zexkatam's Book Boutique.
  3168 | D:4      | Bought a Young Poisoner's Handbook for 220 gold pieces
  3171 | D:4      | Learned a level 1 spell: Sting
  3207 | D:5      | Entered Level 5 of the Dungeon
  3253 | D:5      | Gained mutation: When hurt, damage is shared between your
                  | health and your magic reserves. [demonic ancestry]
  3253 | D:5      | Reached XP level 6. HP: 33/42 MP: 6/10
  3439 | D:5      | Found a basalt altar of Yredelemnul.
  3464 | D:5      | Noticed Menkaure
  3476 | D:5      | Killed Menkaure
  3501 | D:5      | Reached XP level 7. HP: 47/47 MP: 9/12
  3546 | D:5      | Reached * piety under Dithmenos
  3547 | D:5      | Reached skill level 4 in Spellcasting
  3561 | D:5      | Reached skill level 5 in Earth Magic
  3649 | D:5      | Noticed Blork the orc
  3683 | D:5      | Killed Blork the orc
  4401 | D:6      | Found a staircase to the Ecumenical Temple.
  4476 | D:6      | Reached XP level 8. HP: 30/53 MP: 7/15
  4608 | D:6      | Reached skill level 5 in Spellcasting
  4885 | D:6      | Reached skill level 1 in Transmutations
  5119 | D:6      | Reached skill level 1 in Poison Magic
  5130 | D:6      | Reached ** piety under Dithmenos
  5157 | D:6      | Found a hide-covered altar of Uskayaw.
  5291 | D:7      | Learned a level 3 spell: Stone Arrow
  5296 | D:7      | Learned a level 4 spell: Petrify
  5338 | D:7      | Noticed Pikel
  5340 | D:7      | Reached skill level 1 in Fighting
  5346 | D:7      | Killed Pikel
  5347 | D:7      | Reached skill level 6 in Spellcasting
  5415 | D:7      | Gained mutation: You are mostly covered in slimy green
                  | scales. (AC +3) [demonic ancestry]
  5415 | D:7      | Reached XP level 9. HP: 59/59 MP: 16/18
  5574 | D:7      | Found a radiant altar of Vehumet.
  6393 | D:8      | Reached skill level 7 in Spellcasting
  6562 | D:8      | Found a blossoming altar of Fedhas.
  6706 | D:8      | Reached *** piety under Dithmenos
  6728 | D:8      | Found Luist's Jewellery Shop.
  6728 | D:8      | Found Cifoquer's Jewellery Shop.
  6729 | D:8      | Found Sume's Distillery.
  7169 | D:8      | Bought a ring of wizardry for 360 gold pieces
  7181 | D:8      | Learned a level 4 spell: Olgreb's Toxic Radiance
  7486 | D:8      | Reached skill level 1 in Conjurations
  7942 | D:9      | Gained mutation: You have a pair of antennae on your head.
                  | [demonic ancestry]
  7942 | D:9      | Reached XP level 10. HP: 67/67 MP: 20/21
  8274 | D:9      | Reached skill level 1 in Shields
  8492 | D:9      | Noticed a sun demon
  8504 | D:9      | Killed a sun demon
  8504 | D:9      | Reached **** piety under Dithmenos
  8505 | D:9      | Reached skill level 8 in Spellcasting
  8777 | D:9      | Reached skill level 1 in Long Blades
  8887 | D:9      | Found a staircase to the Orcish Mines.
  9178 | D:10     | Entered Level 10 of the Dungeon
  9309 | D:10     | Noticed a skeletal warrior
  9313 | D:10     | Noticed an ogre mage
  9343 | D:10     | Killed a skeletal warrior
  9525 | D:10     | Noticed Psyche
  9537 | D:10     | Killed Psyche
  9598 | D:10     | Killed an ogre mage
  9599 | D:10     | Reached XP level 11. HP: 62/75 MP: 12/23
  9707 | D:10     | Reached skill level 9 in Spellcasting
  9734 | D:10     | Noticed a two-headed ogre
  9742 | D:10     | Killed a two-headed ogre
  9753 | D:10     | Found a staircase to the Lair.
  9787 | Lair:1   | Entered Level 1 of the Lair of Beasts
 10327 | Lair:1   | Found a one-way gate to the infinite horrors of the Abyss.
 10328 | Lair:1   | Found a corrupted altar of Lugonu.
 10546 | Lair:1   | Reached skill level 5 in Conjurations
 11087 | Lair:2   | Found a transporter.
 11087 | Lair:2   | Noticed a skyshark
 11099 | Lair:2   | Reached skill level 5 in Stealth
 11411 | Lair:2   | Reached ***** piety under Dithmenos
 11415 | Lair:2   | Noticed zero's ghost (journeyman MeEE)
 11417 | Lair:2   | Reached skill level 10 in Spellcasting
 11590 | Lair:2   | Found a transporter.
 11885 | Lair:2   | Noticed an eight-headed hydra
 11893 | Lair:2   | Reached skill level 10 in Earth Magic
 12184 | Lair:2   | Killed an eight-headed hydra
 12185 | Lair:2   | Reached XP level 12. HP: 81/81 MP: 26/26
 12585 | Lair:3   | Reached skill level 5 in Dodging
 12965 | Lair:3   | Found a dark tunnel.
 13307 | Lair:3   | Reached skill level 11 in Spellcasting
 13380 | Lair:3   | Noticed a catoblepas
 13380 | Lair:3   | Noticed a catoblepas
 13416 | Lair:3   | Killed a catoblepas
 13679 | Lair:3   | Killed a catoblepas
 13896 | Lair:3   | Noticed a death yak
 13897 | Lair:3   | Noticed a death yak
 13908 | Lair:3   | Noticed a death yak
 13916 | Lair:3   | Killed a death yak
 13922 | Lair:3   | HP: 4/83 [death yak (16)]
 13924 | Lair:3   | Mangled by a death yak

Illustrated notes

Levels and vault maps discovered:
D:1:      minmay_arrival_nine_rooms, layout_loops_cross, serial_shops, shop
D:2:      layout_rooms, corexii_item_surrounded_by_moat
D:3:      layout_basic, chequers_ecumenical_altar_twisty
D:4:      layout_rooms, mainiacjoe_overflow_boulevard, serial_shops,
          nicolae_shop_stone, amcnicky_mini_rare_corridor_liquid
D:5:      layout_basic, mainiacjoe_overflow_surrounded_room, uniq_menkaure,
          uniq_blork_the_orc
D:6:      layout_loops_ring, eat_drink_and_be_merry_uskayaw, temple_pool_b,
          hex_tiny
D:7:      layout_rooms, nicolae_vehumet_altar_sigil, lightli_minifort,
          uniq_pikel
D:8:      layout_loops_ring, fedhas_altar_4, serial_undead, serial_undead_f,
          serial_undead_a, serial_undead_e, serial_undead_a, serial_undead_a,
          dk_vineyard_3, nicolae_shop_distant_corner_stores
D:9:      layout_loops_ring, orc_0_dummy, serial_demonic, serial_demonic_c,
          serial_demonic_c, serial_demonic_f, serial_demonic_g
D:10:     layout_loops_ring, hellmonk_lair_entry_icy, minmay_bent,
          uniq_nergalle, uniq_psyche
Lair:1:   layout_cave_pods, special_room [special_room_bee],
          amcnicky_altar_lugonu_corruption, grunt_megastairs_3
Lair:2:   layout_gridlike, gammafunk_ghost_berserking_beasts,
          grunt_forest_large_clearing_hut
Lair:3:   nzn_motion_control, layout_small_grid,
          minmay_shoals_entry_lonely_mermaid, nicolae_spider_entry_tight_spaces,
          nicolae_volcano_entry_lava_flow, eino_small_chamber_without_monster,
          beast_lair_carwin_3

Skill      XL: |  1  2  3  4  5  6  7  8  9 10 11 12 |
---------------+-------------------------------------+-----
Dodging        | 2 3 4 5 |  5.6
Earth Magic    | 3 4 6 7 9 10 | 10.6
Stealth        | 2 3 4 5 6 |  6.2
Short Blades   | 1 2 3 4 |  4.8
Spellcasting   | 3 4 6 7 8 10 11 | 11.2
Transmutations | 2 3 |  3.4
Poison Magic   | 2 3 4 |  4.5
Fighting       | 1 3 4 |  4.2
Conjurations   | 1 3 5 6 |  6.9
Shields        | 1 2 |  2.9
Long Blades    | 1 |  1.6

Action                     |  1- 3 |  4- 6 |  7- 9 | 10-12 || total
---------------------------+-------+-------+-------+-------++-------
  Melee: Short sword       |    12 |       |       |       ||    12
         Unarmed           |     1 |       |       |       ||     1
         Dagger            |    13 |       |       |       ||    13
         Quick blade       |    27 |    43 |   151 |   182 ||   403
         Punch             |       |     1 |     2 |     1 ||     4
         Great sword       |       |       |       |     6 ||     6
   Cast: Sandblast         |    36 |    30 |   121 |       ||   187
         Sting             |       |       |    28 |     1 ||    29
         Petrify           |       |       |     3 |    12 ||    15
         Stone Arrow       |       |       |    48 |   256 ||   304
         Olgreb's Toxic Ra |       |       |     2 |    14 ||    16
    Use: Scroll            |     5 |     4 |    10 |    13 ||    32
         Potion            |     1 |     1 |     1 |     8 ||    11
   Stab: Sleeping          |     4 |     3 |       |       ||     7
         Petrified         |       |       |       |    15 ||    15
 Armour: Robe              |    26 |    37 |    94 |   166 ||   323
  Dodge: Dodged            |    39 |    26 |   131 |   143 ||   339
  Block: Other             |       |       |    12 |    60 ||    72
         Reflection        |       |       |       |     1 ||     1

Table legend: (Time is in decaauts)
 A = Elapsed time spent in this place.
 B = Non-inter-level travel time spent in this place.
 C = Inter-level travel time spent in this place.
 D = Time resting spent in this place.
 E = Time spent auto-exploring this place.
 F = Levels seen in this place.
 G = Mean time per level.
                   A        B        C        D        E       F      G
               +--------+--------+--------+--------+--------+-----+--------+
         Total |  14139 |  14127 |     12 |   4046 |   4676 |  13 | 1087.6 |
       Dungeon |   9965 |   9953 |     12 |   2563 |   3734 |  10 |  996.5 |
          Lair |   4174 |   4174 |      0 |   1483 |    942 |   3 | 1391.3 |
               +--------+--------+--------+--------+--------+-----+--------+

Top non-repeatable levels by time:
  Lair:2: 1548 daAuts
     D:8: 1495 daAuts
  Lair:3: 1357 daAuts
     D:9: 1349 daAuts
  Lair:1: 1267 daAuts
     D:6: 1239 daAuts
     D:7: 1134 daAuts
     D:3: 1037 daAuts
     D:1: 955 daAuts
     D:5: 869 daAuts
     D:4: 689 daAuts
    D:10: 616 daAuts
     D:2: 577 daAuts
